 Dungeon Crawl Stone Soup version 0.26-a0-639-g72c4674329 (webtiles) character file.

Game seed: 4951168787462375860

8690 Flugslaktarn the Fighter (level 11, -11/102 HPs)
             Began as a Minotaur Fighter on Sept 19, 2020.
             Was a High Priest of Makhleb.
             Mangled by a frost giant
             ... wielding a +1 battleaxe of freezing
              (20 damage)
             ... on level 11 of the Dungeon.
             The game lasted 00:05:11 (8983 turns).

Flugslaktarn the Fighter (Minotaur Fighter)         Turns: 8983, Time: 00:05:12

Health: -11/102    AC: 15    Str: 30    XL:     11   Next: 13%
Magic:  14/14      EV:  6    Int:  6    God:    Makhleb [*****.]
Gold:   573        SH: 12    Dex:  9    Spells: 10/10 levels left

rFire    . . .     SeeInvis .   v - +2 war axe (venom)
rCold    + . .     Faith    .   B - +0 kite shield
rNeg     . . .     Spirit   .   D - +0 plate armour
rPois    .         Reflect  .   e - +2 hat
rElec    .         Harm     .   (no cloak)
rCorr    .         Rampage  .   (no gloves)
MR       .....                  (no boots)
Stlth    ..........             (no amulet)
HPRegen  0.27/turn              q - +6 ring of strength
MPRegen  0.14/turn              c - ring of protection from cold

@: hasted, very quick
A: retaliatory headbutt, horns 2
a: Minor Destruction, Lesser Servant of Makhleb, Major Destruction, Greater
Servant of Makhleb, Renounce Religion


You were on level 11 of the Dungeon.
You worshipped Makhleb.
Makhleb was extremely pleased with you.
You visited 2 branches of the dungeon, and saw 12 of its levels.

You collected 696 gold pieces.
You spent 123 gold pieces at shops.

Inventory:

Hand Weapons
 n - a +2 whip of distortion
   (You took it off a gnoll on level 5 of the Dungeon)
 v - a +2 war axe of venom (weapon)
   (You bought it in a shop on level 4 of the Dungeon)
Armour
 e - a +2 hat (worn)
   (You found it on level 1 of the Dungeon)
 B - a +0 kite shield (worn)
 D - a +0 plate armour (worn)
   (You took it off an orc warrior on level 7 of the Dungeon)
Jewellery
 c - a ring of protection from cold (right hand)
   (You found it on level 8 of the Dungeon)
 f - an uncursed ring of protection from fire
   (You found it on level 9 of the Dungeon)
 q - a +6 ring of strength (left hand)
   (You found it on level 3 of the Dungeon)
Wands
 a - a wand of enslavement (20)
   (You found it on level 5 of the Dungeon)
 m - a wand of iceblast (7)
   (You found it on level 7 of the Dungeon)
 u - a wand of digging (5)
   (You found it on level 6 of the Dungeon)
 H - a wand of acid (5)
   (You found it on level 10 of the Dungeon)
Scrolls
 i - 2 scrolls of fog
 p - a scroll of fear
 r - 5 scrolls of identify
 s - a scroll of enchant weapon
 t - 3 scrolls of teleportation
 x - 2 scrolls of remove curse
 y - a scroll of immolation
 A - 2 scrolls of enchant armour
Potions
 b - a potion of cancellation
 d - 2 potions of might
 g - 2 potions of ambrosia
 h - 2 potions of haste
 j - a potion of lignification {unknown}
 k - a potion of brilliance {unknown}
 l - a potion of curing {unknown}
 o - a potion of flight {unknown}
 w - a potion of stabbing {unknown}
 C - a potion of degeneration {unknown}
 E - 3 potions of invisibility {unknown}
 F - a potion of berserk rage
 G - a potion of magic


   Skills:
 * Level 11.5 Fighting
 * Level 11.3 Axes
 + Level 8.7 Armour
 + Level 8.7 Shields
 + Level 6.3 Invocations


You had 10 spell levels left.
You didn't know any spells.
Your spell library was empty.

Dungeon Overview and Level Annotations

Branches:
Dungeon (11/15)            Temple (1/1) D:4            Lair (0/6) D:10
    Orc: D:9-12

Altars:
Ashenzari
Cheibriados
Elyvilon
Fedhas
Gozag
Hepliaklqana
Kikubaaqudgha
Makhleb
Nemelex Xobeh
Okawaru
Qazlal
Ru
Sif Muna
Trog
Uskayaw
Vehumet
Wu Jian
Xom
Yredelemnul
Zin
The Shining One

Shops:
D:4 (   D:7 *[

Annotations:
D:9 exclusion: ice statue


Innate Abilities, Weirdness & Mutations

You reflexively headbutt those who attack you in melee.
You have a pair of horns on your head.


Message History

The frost giant hits you with a +1 battleaxe of freezing!!
The frost giant freezes you.
You are too injured to fight recklessly!
You are too injured to fight recklessly!
You are too injured to fight recklessly!
You are too injured to fight recklessly!
You hit the frost giant but do no damage.
The frost giant hits you with a +1 battleaxe of freezing!!
* * * LOW HITPOINT WARNING * * *
The frost giant freezes you.
* * * LOW HITPOINT WARNING * * *
You hit the frost giant. You headbutt the frost giant!
The frost giant is lightly wounded.
You feel yourself speed up.
The frost giant hits you but does no damage.
You hit the frost giant but do no damage.
The frost giant is poisoned.
The frost giant is lightly wounded.
The frost giant hits you with a +1 battleaxe of freezing!!
You die...

*,,,*,,,,,**,,* *...........#,,,
***,,,,*,,**#.#* *#..#.......#,,,
*,,,**,,* *..**#..*##......#,,,
**,,,**,.***#.##..** #......####
**,**,,,,..###....** ##.....#...
*,****,,,........#* ##.........
*,* **,,,.......# ##....###...
,** **,,***#...#####.....######
*,*****,,** ##C@...........##,,,
**,,,,,,,****#...............#,,,
**,***,,,,.......>...........#,,,
*,****,,,....................#,,,
,,***,,,,..###.......#...[...#,,,
,,**,,,*..,* #..##......##...#,,,
**,,,,**#..###..####.....#...#,,,
***,,***#..#....###..........#,,*
****,**#............##.......#,,*


You could see a frost giant (poisoned).

Vanquished Creatures
  A death knight (D:11)
  Pikel (D:5)
  A cyclops (D:11)
  A manticore (D:11)
  An elephant (D:10)
  A komodo dragon (D:9)
  2 hippogriffs
  A shadow (D:11)
  A wyvern (D:9)
  A wraith (D:10)
  A steam dragon (D:10)
  9 yaks
  An acid dragon (D:9)
  3 orc warriors
  An ice beast (D:9)
  8 ogres
  3 phantoms (D:4)
  3 centaurs
  2 crocodiles (D:10)
  4 lemures (D:5)
  4 bullfrogs
  A scorpion (D:4)
  6 killer bees (D:7)
  5 howler monkeys
  A centaur zombie (D:7)
  A bullfrog zombie (D:9)
  4 gnoll shamans (D:5)
  2 hounds (D:9)
  2 orc priests (D:7)
  3 bullfrog skeletons
  2 centaur skeletons
  2 jellies
  13 orc wizards
  2 iguanas
  3 worker ants
  A killer bee zombie (D:9)
  A hound zombie (D:10)
  A hound skeleton (D:8)
  A worker ant zombie (D:9)
  28 gnolls
  11 adders
  2 shadow imps
  A white imp (D:10)
  An ufetubus (D:8)
  An adder skeleton (D:4)
  A dart slug (D:1)
  7 leopard geckos
  54 orcs
  3 giant cockroaches
  A goblin (D:1)
  4 hobgoblins
  23 jackals
  2 kobolds (D:3)
  6 quokkas
  A ball python (D:4)
  4 frilled lizards
  A jackal zombie (D:9)
  A quokka skeleton (D:4)
  4 rats
257 creatures vanquished.

Vanquished Creatures (others)
  3 fungi (D:10)
  2 plants (D:5)
5 creatures vanquished.

Grand Total: 262 creatures vanquished

Notes
Turn   | Place    | Note
-------+----------+-------------------------------------------
     0 | D:1      | Flugslaktarn the Minotaur Fighter began the quest for the
                  | Orb.
     0 | D:1      | Reached XP level 1. HP: 19/19 MP: 0/0
   200 | D:1      | Reached XP level 2. HP: 16/27 MP: 1/1
   381 | D:1      | Found a shattered altar of Ashenzari.
   517 | D:3      | Found a hazy altar of Hepliaklqana.
   660 | D:3      | Reached XP level 3. HP: 33/33 MP: 2/2
   705 | D:4      | Found a staircase to the Ecumenical Temple.
   723 | Temple   | Entered the Ecumenical Temple
   729 | Temple   | Became a worshipper of Makhleb the Destroyer
   870 | D:4      | Noticed a phantom
   895 | D:4      | Killed a phantom
   895 | D:4      | Reached skill level 1 in Invocations
   895 | D:4      | Reached XP level 4. HP: 16/41 MP: 3/3
  1147 | D:4      | Reached XP level 5. HP: 45/47 MP: 4/4
  1174 | D:4      | Reached skill level 5 in Fighting
  1479 | D:4      | Noticed a phantom
  1510 | D:4      | Killed a phantom
  1510 | D:4      | Reached XP level 6. HP: 33/56 MP: 6/6
  1644 | D:4      | Found a sacrificial altar of Ru.
  1767 | D:4      | Found a stormy altar of Qazlal.
  1803 | D:4      | Found Yvaxzayg's Antique Weapon Shoppe.
  1835 | D:4      | Reached skill level 5 in Axes
  2394 | D:5      | Entered Level 5 of the Dungeon
  2415 | D:5      | Reached skill level 5 in Armour
  2415 | D:5      | Reached skill level 5 in Shields
  2415 | D:5      | Reached XP level 7. HP: 38/63 MP: 7/7
  2416 | D:5      | Reached * piety under Makhleb
  3204 | D:5      | Noticed Pikel
  3236 | D:5      | Killed Pikel
  3236 | D:5      | Reached XP level 8. HP: 29/73 MP: 9/9
  3719 | D:5      | Reached ** piety under Makhleb
  4622 | D:6      | Noticed a hippogriff
  4632 | D:6      | Killed a hippogriff
  4632 | D:6      | Reached XP level 9. HP: 82/82 MP: 11/11
  5077 | D:7      | Reached *** piety under Makhleb
  5120 | D:7      | Found Ynwoecel's Assorted Antiques.
  5134 | D:7      | Found Elaew's Armour Emporium.
  5784 | D:4      | Bought a glowing war axe for 123 gold pieces
  6144 | D:8      | Reached **** piety under Makhleb
  6145 | D:8      | Reached skill level 5 in Invocations
  6172 | D:8      | Found a stormy altar of Qazlal.
  6270 | D:9      | Found a transporter.
  6293 | D:9      | Found a transporter.
  6301 | D:9      | Found an iron altar of Okawaru.
  6306 | D:9      | Noticed a komodo dragon
  6308 | D:9      | Found a transporter.
  6321 | D:9      | Found a snail-covered altar of Cheibriados.
  6327 | D:9      | Found a glowing golden altar of the Shining One.
  6495 | D:9      | Found a basalt altar of Yredelemnul.
  6495 | D:9      | Found an opulent altar of Gozag.
  6501 | D:9      | Found an ornate altar of the Wu Jian Council.
  6550 | D:9      | Found a transporter.
  6553 | D:9      | Found a transporter.
  6674 | D:9      | Noticed an ice statue
  6801 | D:9      | Reached skill level 10 in Fighting
  6801 | D:9      | Reached XP level 10. HP: 84/93 MP: 12/12
  6892 | D:10     | Entered Level 10 of the Dungeon
  6956 | D:9      | HP: 1/93 [acid (13)]
  7405 | D:10     | Found a staircase to the Lair.
  7405 | D:10     | Noticed an elephant
  7414 | D:10     | Reached skill level 10 in Axes
  7422 | D:10     | Killed an elephant
  7440 | D:10     | Reached ***** piety under Makhleb
  8053 | D:11     | Noticed a death knight
  8073 | D:11     | Killed a death knight
  8363 | D:11     | Reached XP level 11. HP: 101/102 MP: 14/14
  8578 | D:11     | Noticed a frost giant
  8983 | D:11     | Mangled by a frost giant

Illustrated notes

Levels and vault maps discovered:
D:1:      saegor_arrival_simple_d, layout_basic, ashenzari_altar_1
D:2:      layout_rooms, lemuel_doored_altar
D:3:      layout_loops_ring, nicolae_overflow_crystal_walls
D:4:      layout_basic, lemuel_round_altar, old_standard_altar,
          minmay_temple_entry_junction, serial_shops, shop
D:5:      lemuel_castle_with_subvaults [lemuel_castle_interior_carwin_2],
          layout_gridville, uniq_pikel
D:6:      layout_loops_ring
D:7:      layout_basic, serial_shops, nicolae_shop_statue_plus, kennysheep_mini,
          chequers_serial_rivers_micro_e
D:8:      layout_rooms, nicolae_qazlal_style_of_elements
D:9:      gammafunk_the_bubble [the_bubble_gammafunk_roulette],
          layout_irregular_city, grunt_temple_overflow_open, minitemple,
          minmay_statue_bubble
D:10:     layout_loops_ring, david_lair_generic
D:11:     minmay_box_of_curves, layout_layer_cave
Temple:   nicolae_temple_no_exploring_needed

Skill      XL: |  1  2  3  4  5  6  7  8  9 10 |
---------------+-------------------------------+-----
Axes           | 3 4 5 6 8 9 11 | 11.3
Fighting       | 4 5 6 7 8 10 11 | 11.5
Armour         | 4 5 6 7 8 |  8.7
Shields        | 4 5 6 7 8 |  8.7
Invocations    | 1 2 3 4 5 6 |  6.3

Action                   |  1- 3 |  4- 6 |  7- 9 | 10-12 || total
-------------------------+-------+-------+-------+-------++-------
Melee: War axe           |    60 |    95 |   329 |   105 ||   589
       Headbutt          |     9 |    19 |    67 |    31 ||   126
Evoke: Wand              |       |       |       |     1 ||     1
  Use: Potion            |       |       |     2 |     2 ||     4
       Scroll            |       |       |    16 |     3 ||    19
Armor: Scale mail        |    18 |       |       |       ||    18
       Chain mail        |       |    49 |   105 |       ||   154
       Plate armour      |       |       |    77 |    74 ||   151
Dodge: Dodged            |    15 |    25 |    91 |    32 ||   163
Block: Kite shield       |    23 |    47 |   226 |    86 ||   382

Table legend: (Time is in decaauts)
 A = Elapsed time spent in this place.
 B = Non-inter-level travel time spent in this place.
 C = Inter-level travel time spent in this place.
 D = Time resting spent in this place.
 E = Time spent auto-exploring this place.
 F = Levels seen in this place.
 G = Mean time per level.
                   A        B        C        D        E       F      G
               +--------+--------+--------+--------+--------+-----+--------+
         Total |   9101 |   8641 |    460 |    791 |   6425 |  12 |  758.4 |
       Dungeon |   9088 |   8638 |    450 |    791 |   6425 |  11 |  826.2 |
        Temple |     12 |      2 |     10 |      0 |      0 |   1 |   12.0 |
               +--------+--------+--------+--------+--------+-----+--------+

Top non-repeatable levels by time:
     D:5: 1898 daAuts
     D:4: 1742 daAuts
     D:9: 1129 daAuts
    D:10: 904 daAuts
     D:6: 822 daAuts
     D:7: 761 daAuts
    D:11: 680 daAuts
     D:1: 458 daAuts
     D:8: 428 daAuts
     D:3: 252 daAuts
     D:2: 12 daAuts
  Temple: 12 daAuts
